 Dungeon Crawl Stone Soup version 0.29-a0-284-gf9362112df (webtiles) character file.

Game seed: 12771848998588037513

1222 mistaj the Cleaver (level 8, -8/71 HPs)
             Began as a Hill Orc Fighter on Mar 26, 2022.
             Was an Initiate of Okawaru.
             Mangled by Pikel
             ... wielding a +0 whip of electrocution
              (10 damage)
             ... on level 6 of the Dungeon.
             The game lasted 00:08:07 (6592 turns).

mistaj the Cleaver (Hill Orc Fighter)               Turns: 6592, Time: 00:08:08

Health: -8/71      AC: 10    Str: 21    XL:     8   Next: 47%
Magic:  8/8        EV:  9    Int:  8    God:    Okawaru [......]
Gold:   290        SH:  4    Dex: 10    Spells: 7/7 levels left

rFire   . . .      SeeInvis +   a - +0 war axe
rCold   . . .      Faith    .   c - +0 buckler
rNeg    + . .      Spirit   .   k - +1 scale mail of Midnight {+Inv rN+ Will+ SInv}
rPois   +          Reflect  .   (no helmet)
rElec   .          Harm     .   w - +0 cloak
rCorr   .          Rampage  .   (no gloves)
Will    ++...                   (no boots)
Stlth   ..........              (no amulet)
HPRegen 0.21/turn               h - ring of willpower
MPRegen 0.11/turn               s - ring of poison resistance

@: no status effects
A: no striking features
a: Renounce Religion, Evoke Invisibility


You were on level 6 of the Dungeon.
You worshipped Okawaru.
Okawaru was noncommittal.
You visited 2 branches of the dungeon, and saw 7 of its levels.

You collected 290 gold pieces.

Inventory:

Hand Weapons
 a - a +0 war axe (weapon)
Armour
 c - a +0 buckler (worn)
 k - the +1 scale mail of Midnight (worn) {+Inv rN+ Will+ SInv}
   (You found it on level 2 of the Dungeon)

   rN:        It protects you from negative energy.
   SInv:      It lets you see invisible.
   +Inv:      It lets you turn invisible.
   Will:      It increases your willpower.
 w - a +0 cloak (worn)
Jewellery
 h - a ring of willpower (left hand)
 i - a ring of willpower
 s - a ring of poison resistance (right hand)
Wands
 t - a wand of acid (13)
 u - a wand of digging (3)
Scrolls
 b - a scroll of enchant weapon {unknown}
 f - 5 scrolls of identify {unknown}
 j - a scroll of magic mapping {unknown}
 o - 2 scrolls of vulnerability {unknown}
 v - 2 scrolls of noise {unknown}
Potions
 d - a potion of might
 e - a potion of magic {unknown}
 g - 5 potions of curing {unknown}
 l - a potion of haste {unknown}
 m - a potion of brilliance {unknown}
 n - a potion of berserk rage {unknown}
 p - a potion of lignification {unknown}
 q - a potion of ambrosia {unknown}
 r - a potion of resistance {unknown}
 x - 2 potions of mutation {unknown}
 z - a potion of attraction {unknown}
 A - a potion of heal wounds {unknown}


   Skills:
 + Level 6.9 Fighting
 * Level 9.5 Axes
 + Level 6.4 Armour
 - Level 3.2 Shields


You had 7 spell levels left.
You didn't know any spells.
Your spell library was empty.

Dungeon Overview and Level Annotations

Branches:
Dungeon (6/15)             Temple (1/1) D:4

Altars:
Ashenzari
Fedhas
Gozag
Kikubaaqudgha
Nemelex Xobeh
Okawaru
Qazlal
Ru
Sif Muna
Trog
Uskayaw
Vehumet
Wu Jian
Xom
Yredelemnul
Zin

Annotations:
D:4 Eustachio
D:6 Pikel


Message History

You slash the shadow imp!
You kill the shadow imp!
Okawaru accepts your kill.
You barely miss the howler monkey.
The howler monkey hoots and howls with incredible vigour!
You hear an angry growl.
You hit the howler monkey.
The howler monkey is severely wounded.
The howler monkey hits you.
You slash the howler monkey!
You kill the howler monkey!
Okawaru accepts your kill.
Pikel says, "I touched Geryon's horn once."
You closely miss Pikel.
Pikel hits you with a +0 whip of electrocution.
You hit Pikel but do no damage. You slash the adder!
The adder completely misses you.
Pikel hits you with a +0 whip of electrocution!
* * * LOW HITPOINT WARNING * * *
You slash Pikel!
Pikel is moderately wounded.
You slash the adder!
You kill the adder!
Okawaru accepts your kill. Pikel completely misses you.
You miss Pikel.
Pikel is moderately wounded.
The white imp grins evilly.
Pikel hits you with a +0 whip of electrocution.
* * * LOW HITPOINT WARNING * * *
You barely miss Pikel.
Pikel is moderately wounded.
Pikel hits you with a +0 whip of electrocution.
* * * LOW HITPOINT WARNING * * *
You barely miss Pikel.
Pikel is moderately wounded.
Pikel hits you with a +0 whip of electrocution!
* * * LOW HITPOINT WARNING * * *
You are electrocuted!
You die...

#.#.#.#.#.#.....#####..#.
..................5.K5...
#.#.#.#.#.##....######.#5
#.#.#.#............#. #
#.#.##############5 #
#.#................
####.#.### ##.5...######
.......######.....## ##
#...@K5S555..........
##########.....######
.......# ...#.....#
..........# ....#.....#
....#....... ..##≈≈≈


You could see Pikel, 3 lemures, a white imp and a ball python.

Vanquished Creatures
  Edmund (D:6)
  A sky beast (D:5)
  A black bear (D:4)
  An ice beast (D:5)
  An ogre (D:4)
  5 scorpions
  A howler monkey (D:6)
  2 hounds
  An orc priest (D:5)
  Ijyb (D:4)
  3 orc wizards
  Natasha (twice) (D:2)
  4 gnolls
  3 adders
  A shadow imp (D:6)
  2 white imps
  2 worms
  2 dart slugs (D:1)
  14 orcs
  6 ball pythons
  9 endoplasms
  5 giant cockroaches
  5 goblins
  2 hobgoblins
  4 jackals (D:1)
  7 kobolds
  5 quokkas
  3 bats
  3 frilled lizards
  2 rats
99 creatures vanquished.

Notes
Turn   | Place    | Note
-------+----------+-------------------------------------------
     0 | D:1      | mistaj the Hill Orc Fighter began the quest for the Orb.
     0 | D:1      | Reached XP level 1. HP: 19/19 MP: 1/1
    30 | D:1      | Reached skill level 3 in Axes
   176 | D:1      | Reached XP level 2. HP: 20/27 MP: 2/2
   596 | D:1      | Reached XP level 3. HP: 31/33 MP: 3/3
   627 | D:1      | Found a faded altar of an unknown god.
  1151 | D:2      | Reached skill level 4 in Axes
  1342 | D:2      | Identified the +1 scale mail of Midnight {+Inv rN+ Will+
                  | SInv}
  1462 | D:2      | Noticed Natasha
  1472 | D:2      | Killed Natasha
  1473 | D:2      | Reached XP level 4. HP: 31/40 MP: 4/4
  1789 | D:2      | Noticed Natasha
  1932 | D:2      | Killed Natasha
  2152 | D:3      | Found a stormy altar of Qazlal.
  2544 | D:3      | Reached skill level 5 in Axes
  2565 | D:3      | Reached XP level 5. HP: 47/47 MP: 5/5
  3246 | D:4      | Found an opulent altar of Gozag.
  3279 | D:4      | Noticed Eustachio
  3741 | D:4      | Reached skill level 5 in Fighting
  3741 | D:4      | Reached skill level 6 in Axes
  3741 | D:4      | Reached XP level 6. HP: 56/56 MP: 6/6
  3922 | D:4      | Noticed a black bear
  3936 | D:4      | Killed a black bear
  4057 | D:4      | Reached skill level 5 in Armour
  4062 | D:4      | Found a staircase to the Ecumenical Temple.
  4220 | Temple   | Entered the Ecumenical Temple
  4679 | D:4      | Noticed Ijyb
  4688 | D:4      | Reached skill level 7 in Axes
  4688 | D:4      | Reached XP level 7. HP: 61/61 MP: 7/7
  4700 | D:4      | Killed Ijyb
  5029 | D:5      | Entered Level 5 of the Dungeon
  5537 | D:5      | Reached skill level 8 in Axes
  5891 | D:5      | Reached XP level 8. HP: 64/70 MP: 8/8
  6015 | D:5      | Found an iron altar of Okawaru.
  6223 | D:5      | Became a worshipper of Warmaster Okawaru
  6244 | D:6      | Noticed Edmund
  6267 | D:6      | Killed Edmund
  6268 | D:6      | Reached skill level 9 in Axes
  6538 | D:6      | Noticed Pikel
  6592 | D:6      | HP: 2/71 [Pikel/+0 whip of electrocution (9)]
  6592 | D:6      | Mangled by Pikel

Illustrated notes

Levels and vault maps discovered:
D:1:      lemuel_arrival_lava_pool, layout_loops_ring,
          hellmonk_ecumenical_altar_crossroads, minmay_misc_feat_more_columns
D:2:      layout_loops_ring, uniq_natasha
D:3:      layout_basic, grunt_qazlal_clouds
D:4:      layout_basic, nicolae_gozag_cash_rules_everything_around_me,
          minmay_temple_entry_glass, uniq_eustachio, uniq_ijyb
D:5:      layout_basic, overflow_temple_1_default, grunt_decor_resistance,
          grunt_decor_cap
D:6:      layout_basic, cheibrodos_sewer_entry_sluice, uniq_pikel, uniq_edmund
Temple:   oiseaux_autumnal_temple

Skill      XL: |  1  2  3  4  5  6  7  8 |
---------------+-------------------------+-----
Axes           | 3 4 5 6 7 8 9 |  9.5
Fighting       | 4 5 6 |  6.9
Armour         | 4 5 6 |  6.4
Shields        | |  3.2

Action                   |  1- 3 |  4- 6 |  7- 9 || total
-------------------------+-------+-------+-------++-------
Melee: War axe           |   110 |   126 |   141 ||   377
Armor: Scale mail        |    58 |    84 |    55 ||   197
Dodge: Dodged            |    60 |    84 |    49 ||   193
Block: Buckler           |    30 |    35 |    29 ||    94

Table legend: (Time is in decaauts)
 A = Elapsed time spent in this place.
 B = Non-inter-level travel time spent in this place.
 C = Inter-level travel time spent in this place.
 D = Time resting spent in this place.
 E = Time spent auto-exploring this place.
 F = Levels seen in this place.
 G = Mean time per level.
                   A        B        C        D        E       F      G
               +--------+--------+--------+--------+--------+-----+--------+
         Total |   6690 |   6420 |    270 |   1993 |   3229 |   7 |  955.7 |
       Dungeon |   6409 |   6169 |    240 |   1993 |   2993 |   6 | 1068.2 |
        Temple |    280 |    250 |     30 |      0 |    236 |   1 |  280.0 |
               +--------+--------+--------+--------+--------+-----+--------+

Top non-repeatable levels by time:
     D:4: 1490 daAuts
     D:5: 1213 daAuts
     D:3: 1180 daAuts
     D:1: 1134 daAuts
     D:2: 1025 daAuts
     D:6: 364 daAuts
  Temple: 280 daAuts
